[Event "ICC tourney 2151 (70 10)"]
[Site "Internet Chess Club"]
[Date "2020.11.22"]
[Round "5"]
[White "satyamalugu"]
[Black "Zaidalaa"]
[Result "1-0"]
[ICCResult "Black resigns"]
[WhiteElo "2184"]
[BlackElo "1857"]
[Opening "Caro-Kann: Tartakower (fantasy) variation"]
[ECO "B12"]
[NIC "CK.02"]
[Time "16:02:07"]
[TimeControl "4200+10"]

1. e4 c6 2. d4 d5 3. f3 dxe4 4. fxe4 e5 5. Nf3 Bg4 6. Bc4 Nf6 7. Bxf7+ Ke7
8. Bb3 Bxf3 9. Qxf3 Qxd4 10. Nc3 Nbd7 11. Be3 Qb4 12. Qf5 Re8 13. O-O-O Kd8
14. Be6 Re7 15. Qxe5 Nd5 16. Nxd5 Qa5 17. Bb6+ axb6 18. Qc7+ {Black resigns}
1-0

[Event "ICC tourney 2151 (70 10)"]
[Site "Internet Chess Club"]
[Date "2020.11.22"]
[Round "5"]
[White "python0812"]
[Black "BreatheChessAls"]
[Result "0-1"]
[ICCResult "White resigns"]
[WhiteElo "2028"]
[BlackElo "1962"]
[Opening "Sicilian: Labourdonnais-Löwenthal (Kalashnikov) variation"]
[ECO "B32"]
[NIC "SI.32"]
[Time "16:02:11"]
[TimeControl "4200+10"]

1. e4 c5 2. Nf3 Nc6 3. d4 cxd4 4. Nxd4 e5 5. Nb5 d6 6. c4 Be7 7. N1c3 a6 8.
Na3 f5 9. Be2 f4 10. g3 fxg3 11. hxg3 Nf6 12. Bh5+ Nxh5 13. Qxh5+ g6 14. Qf3
Nd4 15. Qd1 O-O 16. Be3 Nf3+ 17. Kf1 Ng5 18. Nd5 Be6 19. Nxe7+ Qxe7 20. Bxg5
Qxg5 21. Qxd6 Rf6 22. Kg1 Raf8 23. Rh2 h5 24. Rd1 Bxc4 25. Qe7 Be6 26. Qxb7
R8f7 27. Qxa6 Bg4 28. Qa8+ Kg7 29. Rf1 Be2 30. Rb1 Rxf2 31. Rg2 Rxg2+ 32.
Kxg2 Qe3 {White resigns} 0-1

[Event "ICC tourney 2151 (70 10)"]
[Site "Internet Chess Club"]
[Date "2020.11.22"]
[Round "5"]
[White "Rancid-Gambit"]
[Black "bworkman62189"]
[Result "1-0"]
[ICCResult "Black resigns"]
[WhiteElo "1962"]
[BlackElo "1627"]
[Opening "Scandinavian (center counter) defense"]
[ECO "B01"]
[NIC "VO.17"]
[Time "16:02:27"]
[TimeControl "4200+10"]

1. e4 d5 2. Nc3 d4 3. Nce2 e5 4. Nf3 Nc6 5. Ng3 f6 6. Bc4 Bc5 7. d3 Qe7 8.
a3 Bd7 9. O-O O-O-O 10. b4 Bd6 11. Bd2 h5 12. b5 Nb8 13. Nh4 Qe8 14. a4 Ne7
15. Qb1 g5 16. Nhf5 Nxf5 17. Nxf5 Bf8 18. a5 h4 19. Qb3 Bxf5 20. exf5 Nd7
21. b6 a6 22. bxc7 Kxc7 23. Rab1 Rb8 24. c3 h3 25. g3 b5 26. axb6+ Rxb6 27.
Qa2 Qb8 28. cxd4 Rxb1 29. Rxb1 Nb6 30. Ba5 {Black resigns} 1-0

[Event "ICC tourney 2151 (70 10)"]
[Site "Internet Chess Club"]
[Date "2020.11.22"]
[Round "5"]
[White "DLWarrior"]
[Black "HostilePear"]
[Result "1-0"]
[ICCResult "Black checkmated"]
[WhiteElo "1956"]
[BlackElo "1871"]
[Opening "Queen's pawn game"]
[ECO "D00"]
[NIC "QP.07"]
[Time "16:02:09"]
[TimeControl "4200+10"]

1. d4 Nf6 2. Nc3 d5 3. Bf4 c6 4. e3 g6 5. h4 Bg7 6. Nf3 Bg4 7. Be2 Nbd7 8.
Ne5 Bxe2 9. Qxe2 O-O 10. O-O-O Rc8 11. g4 Qa5 12. h5 Nb6 13. hxg6 hxg6 14.
f3 Rfd8 15. Qh2 Nc4 16. Nxc4 dxc4 17. Bh6 Bh8 18. Bf8 Kxf8 19. Qxh8+ Ng8 20.
Rh7 Qb4 21. Qg7+ Ke8 22. Qxg8+ Kd7 23. Qxf7 Rf8 24. Qxg6 Rxf3 25. a3 Qd6 26.
Qxd6+ Kxd6 27. g5 Rg8 28. Rg1 Rg6 29. Rh6 Rxh6 30. gxh6 Rh3 31. Rg6+ e6 32.
Ne4+ Ke7 33. Rg7+ Kf8 34. Rxb7 Rxh6 35. Rxa7 Rh4 36. Nd6 c3 37. bxc3 Rh3 38.
Kd2 Rh2+ 39. Kd3 Rh1 40. a4 Rd1+ 41. Kc4 Rc1 42. a5 Rxc2 43. a6 Ra2 44. Rf7+
Kg8 45. a7 e5 46. Rb7 exd4 47. exd4 c5 48. Rb8+ Kg7 49. a8=Q Rxa8 50. Rxa8
cxd4 51. Kxd4 Kf6 52. c4 Ke6 53. c5 Kd7 54. Ra7+ Kc6 55. Ra6+ Kc7 56. c6
Kxd6 57. Kc4 Kc7 58. Kb5 Kb8 59. Kb6 Kc8 60. Ra8# {Black checkmated} 1-0

[Event "ICC tourney 2151 (70 10)"]
[Site "Internet Chess Club"]
[Date "2020.11.22"]
[Round "5"]
[White "IndianTerritory"]
[Black "Mapking1"]
[Result "1-0"]
[ICCResult "Black checkmated"]
[WhiteElo "2133"]
[BlackElo "1795"]
[Opening "Sicilian: dragon, Yugoslav attack, Rauser variation"]
[ECO "B76"]
[NIC "SI.17"]
[Time "16:02:27"]
[TimeControl "4200+10"]

1. e4 c5 2. Nf3 d6 3. d4 cxd4 4. Nxd4 Nf6 5. Nc3 g6 6. f3 Bg7 7. Be3 Nc6 8.
Qd2 O-O 9. O-O-O d5 10. Nxc6 bxc6 11. Bc4 Be6 12. exd5 Nxd5 13. Bxd5 cxd5
14. Bd4 Qa5 15. Bxg7 Kxg7 16. Qd4+ Kg8 17. Nxd5 Bxd5 18. Qxd5 Qc7 19. Qd7
Qa5 20. Kb1 e6 21. Qd2 Qc7 22. h4 Rab8 23. h5 Rfd8 24. Qe3 Rdc8 25. Rd2 Qb7
26. b3 Qa6 27. hxg6 fxg6 28. g4 Rb7 29. Rhd1 Qb6 30. Qe5 Rf7 31. f4 Qc6 32.
Rd8+ Rf8 33. Rxf8+ Rxf8 34. Rd6 Qh1+ 35. Kb2 Qh6 36. Qxe6+ Kh8 37. f5 Qg7+
38. f6 Qh6 39. Qe7 Kg8 40. g5 Rf7 41. Rd8+ Qf8 42. Rxf8+ Rxf8 43. Qg7#
{Black checkmated}
1-0

[Event "ICC tourney 2151 (70 10)"]
[Site "Internet Chess Club"]
[Date "2020.11.22"]
[Round "5"]
[White "chesslin"]
[Black "Kokoro"]
[Result "0-1"]
[ICCResult "White resigns"]
[WhiteElo "1936"]
[BlackElo "2174"]
[Opening "Queen's pawn: London system"]
[ECO "A45"]
[NIC "QP.07"]
[Time "16:02:55"]
[TimeControl "4200+10"]

1. d4 Nf6 2. Bf4 d5 3. e3 c5 4. Nf3 Nc6 5. c3 Qb6 6. Na3 c4 7. b3 Qa5 8. Nb1
b5 9. b4 Nxb4 10. cxb4 Qxb4+ 11. Qd2 e5 12. Bxe5 Ne4 13. Qxb4 Bxb4+ 14. Nfd2
f6 15. Bc7 Kd7 16. Bg3 Re8 17. Kd1 Nc3+ 18. Kc2 Na4 19. a3 Ba5 20. e4 Kc6
21. f3 Be6 22. Be2 Rad8 23. Bf2 Bf7 24. h4 h5 25. Re1 Bg6 26. Bf1 dxe4 27.
fxe4 f5 28. d5+ Kb7 29. Re3 f4 30. Rf3 Rxe4 31. Kc1 Re5 32. Bxc4 bxc4 33.
Nxc4 Rc8 34. Rxf4 Rxd5 35. Ra2 Bc7 36. Rf3 Ba5 37. Rb3+ Ka8 38. Nd2 Bxd2+
39. Rxd2 Rxc4+ 40. Kd1 Bc2+ 41. Ke1 Bxb3 {White resigns} 0-1

[Event "ICC tourney 2151 (70 10)"]
[Site "Internet Chess Club"]
[Date "2020.11.22"]
[Round "5"]
[White "gitb98"]
[Black "TheKetchupKing"]
[Result "1-0"]
[ICCResult "Black checkmated"]
[WhiteElo "1959"]
[BlackElo "1846"]
[Opening "King's Indian: fianchetto, classical main line"]
[ECO "E69"]
[NIC "KI.62"]
[Time "16:02:28"]
[TimeControl "4200+10"]

1. d4 Nf6 2. c4 g6 3. g3 Bg7 4. Bg2 O-O 5. Nc3 d6 6. Nf3 Nbd7 7. O-O e5 8.
e4 c6 9. h3 Qb6 10. dxe5 dxe5 11. Qc2 Qc7 12. Be3 Nb6 13. b3 h6 14. Rad1 Be6
15. Nh4 Rad8 16. f4 exf4 17. gxf4 Nh5 18. Rf3 Rxd1+ 19. Nxd1 f5 20. Nxg6 Rf6
21. Nh4 fxe4 22. Qxe4 Qd7 23. Nf2 Bf5 24. Nxf5 Rxf5 25. Bxb6 axb6 26. Rd3
Qf7 27. Rd8+ Bf8 28. Ng4 Kg7 29. Qd4+ Kh7 30. Rd7 Bc5 31. Rxf7+ Rxf7 32.
Be4+ Kg8 33. Nxh6+ Kf8 34. Qxc5+ bxc5 35. Nxf7 Kxf7 36. f5 Ng3 37. Bd3 Nh5
38. Bc2 Nf4 39. Kh2 Ne2 40. Bd3 Nc3 41. a3 Na2 42. Kg3 Nc1 43. Bc2 Ne2+ 44.
Kg4 Nd4 45. Bd3 Nxb3 46. h4 Nd4 47. a4 Kf6 48. h5 Kg7 49. Be4 Nb3 50. Kg5
Nd2 51. f6+ Kg8 52. Bd3 Nf3+ 53. Kf4 Nd4 54. h6 Ne6+ 55. Kf5 Nd4+ 56. Kg6
Ne6 57. f7+ Kh8 58. Kf6 Nf8 59. Ke7 Nh7 60. Bxh7 Kxh7 61. f8=Q b5 62. Qg7#
{Black checkmated}
1-0

[Event "ICC tourney 2151 (70 10)"]
[Site "Internet Chess Club"]
[Date "2020.11.22"]
[Round "5"]
[White "aminsamani99"]
[Black "mexicoreal"]
[Result "1-0"]
[ICCResult "Black resigns"]
[WhiteElo "1870"]
[BlackElo "2031"]
[Opening "King's Indian: London system"]
[ECO "A48"]
[NIC "QP.03"]
[Time "16:02:41"]
[TimeControl "4200+10"]

1. d4 Nf6 2. Nf3 g6 3. Bf4 Bg7 4. e3 O-O 5. h3 d6 6. Be2 Nc6 7. c3 Nd7 8.
Bh2 e5 9. O-O h6 10. c4 f5 11. dxe5 Ncxe5 12. Qd5+ Kh7 13. Nxe5 dxe5 14. Rd1
Qe7 15. Nc3 c6 16. Qd6 Qxd6 17. Rxd6 a5 18. Na4 Re8 19. Rad1 Re7 20. c5 Nf8
21. Nb6 Rb8 22. Rd8 Rc7 23. Rxf8 {Black resigns} 1-0

[Event "ICC tourney 2151 (70 10)"]
[Site "Internet Chess Club"]
[Date "2020.11.22"]
[Round "5"]
[White "sirking2800"]
[Black "RagingKnightNC"]
[Result "0-1"]
[ICCResult "White resigns"]
[WhiteElo "1900"]
[BlackElo "2134"]
[Opening "Sicilian: Najdorf, Opocensky variation"]
[ECO "B92"]
[NIC "SI.11"]
[Time "16:02:19"]
[TimeControl "4200+10"]

1. e4 c5 2. Nf3 d6 3. d4 cxd4 4. Nxd4 Nf6 5. Nc3 a6 6. Be2 e5 7. Nb3 Be7 8.
Be3 Qc7 9. O-O Nbd7 10. f4 b5 11. a3 Bb7 12. Bf3 O-O 13. f5 Nc5 14. Nxc5
dxc5 15. Re1 Rfd8 16. Qe2 Rac8 17. Rac1 Bc6 18. Qf2 Qb7 19. Bxc5 Bxc5 20.
Qxc5 Bxe4 21. Bxe4 Nxe4 22. Qe3 Nxc3 23. bxc3 f6 24. Rcd1 h6 25. Rd2 Qe7 26.
Red1 Rxd2 27. Rxd2 Qxa3 28. Rd3 Qc5 29. Kf2 Qxe3+ 30. Kxe3 Rc4 31. g3 Kf8
32. Kd2 Ke7 33. Kc1 e4 34. Re3 Kd6 35. Kd2 h5 36. Re1 Ke5 37. Rf1 h4 38.
gxh4 e3+ 39. Kxe3 Rxc3+ 40. Kd2 Rh3 41. Ra1 Rxh2+ 42. Kd3 Rh3+ 43. Ke2 Rxh4
44. Rxa6 Rc4 45. Kd3 Kxf5 46. Ra5 Rc5 47. Ke3 Rxc2 48. Rxb5+ Kg4 49. Rb4+
Kg5 50. Rb5+ f5 51. Kf3 Rc3+ 52. Ke2 Kg4 53. Rb4+ f4 54. Kf2 Rc2+ 55. Ke1 g5
56. Kd1 Rh2 57. Ke1 Kg3 58. Rb5 g4 59. Rb3+ f3 60. Kd1 Rh1+ 61. Kd2 Kg2 62.
Rb2 g3 63. Ke3+ f2 64. Kf4 Rh4+ 65. Kg5 Ra4 {White resigns} 0-1

[Event "ICC tourney 2151 (70 10)"]
[Site "Internet Chess Club"]
[Date "2020.11.22"]
[Round "5"]
[White "matein7"]
[Black "mopaska1106"]
[Result "0-1"]
[ICCResult "White resigns"]
[WhiteElo "1891"]
[BlackElo "2036"]
[Opening "Dutch: Staunton gambit, Chigorin variation"]
[ECO "A83"]
[NIC "HD.11"]
[Time "16:02:17"]
[TimeControl "4200+10"]

1. d4 f5 2. e4 fxe4 3. Nc3 Nf6 4. Bg5 c6 5. f3 exf3 6. Nxf3 d5 7. Bd3 Be6 8.
Ne5 Nbd7 9. O-O Qb6 10. Bxf6 Nxf6 11. Bf5 Bxf5 12. Rxf5 g6 13. Rf3 Bg7 14.
Na4 Qc7 15. Nc5 Qc8 16. Rxf6 Bxf6 17. Ned7 b6 18. Nxf6+ exf6 19. Qf3 O-O
{White resigns}
0-1

[Event "ICC tourney 2151 (70 10)"]
[Site "Internet Chess Club"]
[Date "2020.11.22"]
[Round "5"]
[White "rdhanekula"]
[Black "spellking98"]
[Result "0-1"]
[ICCResult "White resigns"]
[WhiteElo "1883"]
[BlackElo "2163"]
[Opening "Scandinavian: Pytel-Wade variation"]
[ECO "B01"]
[NIC "SD.02"]
[Time "16:02:39"]
[TimeControl "4200+10"]

1. e4 d5 2. exd5 Qxd5 3. Nc3 Qd6 4. Nf3 Nf6 5. d4 a6 6. Bc4 Bg4 7. Be3 e6 8.
h3 Bh5 9. g4 Bg6 10. Qd2 Nc6 11. O-O-O O-O-O 12. a3 Nd5 13. Nxd5 exd5 14.
Bd3 Bxd3 15. Qxd3 f6 16. Rhe1 Na5 17. Nd2 Qc6 18. Bf4 Nc4 19. Nxc4 dxc4 20.
Qe4 Qb5 21. Qe6+ Kb8 22. Re3 Bd6 23. Bxd6 Rxd6 24. Qf7 Rb6 25. b3 cxb3 26.
Rxb3 Qg5+ 27. Kb2 Rxb3+ 28. Qxb3 Rd8 29. c4 h5 30. Qe3 Qxe3 31. fxe3 hxg4
32. hxg4 Re8 33. g5 Rxe3 34. gxf6 gxf6 35. Rf1 Re6 36. Kc3 c6 37. Rh1 Re7
38. Rh8+ Kc7 39. Rf8 Re3+ 40. Kb4 a5+ 41. Kxa5 Rxa3+ 42. Kb4 Rf3 43. Rf7+
Kb6 44. Rf8 Rf1 45. Rf7 f5 46. Kc3 f4 47. Kd2 Rf3 48. Ke2 Re3+ 49. Kd2 Rf3
50. Ke2 Rc3 51. c5+ Kb5 52. Rxf4 Kc4 53. Rf7 Rd3 54. Rxb7 Rxd4 55. Rb1 Kxc5
56. Rc1+ Kd5 57. Ke3 c5 58. Rc3 Rh4 59. Rd3+ Kc4 60. Rd8 Rh2 61. Rc8 Rc2 62.
Rc7 Kb3 63. Kd3 c4+ 64. Kd4 Rd2+ 65. Ke3 Rd8 66. Rb7+ Kc2 67. Rc7 c3 68. Ke2
Re8+ 69. Kf3 Kd2 70. Rd7+ Kc1 71. Rc7 c2 72. Rb7 Re5 73. Kf2 Kd2 74. Rd7+
Kc3 75. Rc7+ Kd3 76. Rd7+ Kc4 77. Rc7+ Rc5 78. Rxc5+ Kxc5 {White resigns}
0-1

[Event "ICC tourney 2151 (70 10)"]
[Site "Internet Chess Club"]
[Date "2020.11.22"]
[Round "5"]
[White "greenninja"]
[Black "qiaoqiaoszx"]
[Result "1/2-1/2"]
[ICCResult "Game drawn by mutual agreement"]
[WhiteElo "1991"]
[BlackElo "2128"]
[Opening "Sicilian: dragon, Yugoslav attack, 10.O-O-O"]
[ECO "B78"]
[NIC "SI.18"]
[Time "16:02:03"]
[TimeControl "4200+10"]

1. e4 c5 2. Nf3 d6 3. d4 cxd4 4. Nxd4 Nf6 5. Nc3 g6 6. Be3 Bg7 7. f3 O-O 8.
Qd2 Nc6 9. Bc4 Bd7 10. O-O-O Rc8 11. Bb3 Nxd4 12. Bxd4 b5 13. a3 a5 14. Nd5
Nxd5 15. Bxg7 Kxg7 16. Bxd5 Qc7 17. h4 b4 18. h5 g5 19. axb4 axb4 20. h6+
Kh8 21. Bb3 Be6 22. Qd4+ f6 23. Qxb4 Rb8 24. Qc3 Qxc3 25. bxc3 Bxb3 26. cxb3
Rxb3 27. Kc2 Rfb8 28. g3 Kg8 29. Kd3 Kf7 30. Rc1 Ke6 31. Rc2 Rb1 32. Rxb1
Rxb1 33. Rh2 f5 34. Re2 fxe4+ 35. Kxe4 Rh1 36. Rb2 Rxh6 37. c4 Rh1 38. Rc2
Re1+ 39. Kd3 h5 40. Rh2 Rg1 41. Rxh5 Rxg3 42. Ke4 Kd7 43. Rh7 g4 44. fxg4
Rxg4+ 45. Kd5 Rg2 46. Kd4 Rg1 47. Kd3 Ra1 48. Kc3 Ra7 49. Kd4 Kc6 50. Kc3
Kc5 51. Rf7 Ra3+ 52. Kd2 e5 53. Rc7+ Kb6 54. Rc8 Rh3 55. Kc2 Kb7 56. Rd8 Kc6
57. Rc8+ Kd7 58. Ra8 Rh4 59. Kc3 Kc6 60. Rc8+ Kd7 61. Ra8 e4 62. Kd4 e3+ 63.
Kxe3 Rxc4 64. Kd2 Ke6 65. Ra3 Kd5 66. Rh3 Kd4 67. Rd3+ Ke5 68. Re3+ Re4 69.
Rh3 d5 70. Ra3 Rh4 71. Rb3 Rh2+ 72. Kd1 Ke4 73. Ra3 d4 74. Rb3 Rh1+ 75. Kd2
Rh2+ 76. Kd1 {Game drawn by mutual agreement} 1/2-1/2

[Event "ICC tourney 2151 (70 10)"]
[Site "Internet Chess Club"]
[Date "2020.11.22"]
[Round "5"]
[White "Monkeybomb3605"]
[Black "gardemarin13"]
[Result "0-1"]
[ICCResult "White resigns"]
[WhiteElo "2026"]
[BlackElo "1947"]
[Opening "Sicilian: accelerated fianchetto, Maróczy bind"]
[ECO "B36"]
[NIC "EO.64"]
[Time "16:02:11"]
[TimeControl "4200+10"]

1. c4 c5 2. Nf3 g6 3. d4 cxd4 4. Nxd4 Nc6 5. e4 Nf6 6. Nc3 d6 7. Be2 Nxd4 8.
Qxd4 Bg7 9. Be3 O-O 10. Qd2 a5 11. f3 a4 12. O-O Qa5 13. Rab1 Be6 14. Rfc1
Rfc8 15. b4 axb3 16. axb3 Qb4 17. Qc2 Nd7 18. f4 f5 19. Bf3 Nc5 20. Bd2 Qb6
21. Be3 Qb4 22. Bd2 Bd4+ 23. Kh1 Qb6 24. Nd5 Bxd5 25. exd5 Ra3 26. g4 Rca8
27. gxf5 Ra2 28. Qd1 Nd3 29. Be3 Bxe3 30. Qxd3 Bxc1 31. Rxc1 Qf2 {White
resigns} 0-1

[Event "ICC tourney 2151 (70 10)"]
[Site "Internet Chess Club"]
[Date "2020.11.22"]
[Round "5"]
[White "el008"]
[Black "hollyelf"]
[Result "0-1"]
[ICCResult "White resigns"]
[WhiteElo "1935"]
[BlackElo "2109"]
[Opening "Two knights defense (Modern bishop's opening)"]
[ECO "C55"]
[NIC "IG.01"]
[Time "16:02:10"]
[TimeControl "4200+10"]

1. e4 e5 2. Nf3 Nc6 3. Bc4 Nf6 4. d3 h6 5. c3 d6 6. O-O g5 7. Kh1 Be6 8.
Bxe6 fxe6 9. d4 g4 10. dxe5 gxf3 11. exf6 fxg2+ 12. Kxg2 Rg8+ 13. Kh1 Qxf6
14. Qh5+ Kd7 15. Be3 Qg6 16. Qxg6 Rxg6 17. f4 Be7 18. Nd2 Rf8 19. Rad1 h5
20. Rg1 Rfg8 21. Rxg6 Rxg6 22. Rg1 Rxg1+ 23. Kxg1 d5 24. f5 dxe4 25. fxe6+
Kxe6 26. Nxe4 b6 27. Kf1 Ne5 28. b3 Ng4 29. Bg1 Ke5 30. Nd2 Kf5 31. h3 Ne5
32. Ke2 Ng6 33. Bh2 Nf4+ 34. Bxf4 Kxf4 35. Nf1 Bf6 36. c4 Bd4 37. Kd3 Bc5
38. Ke2 h4 39. a4 a5 40. Nd2 Kg3 41. Ne4+ Kxh3 42. Kf3 Kh2 43. Kg4 Be7 44.
Nf2 Bd6 45. Ne4 Be7 46. Nf2 Kg1 47. Kf3 Kf1 48. Nh3 Ke1 49. Ke3 Kd1 50. Kd3
Kc1 51. c5 Bxc5 52. Nf4 Kb2 53. Kc4 Be3 54. Ng2 Bg5 55. Nxh4 Bxh4 56. b4 Ka3
57. bxa5 bxa5 58. Kb5 Be1 59. Kc6 Kxa4 60. Kxc7 Kb5 {White resigns} 0-1

[Event "ICC tourney 2151 (70 10)"]
[Site "Internet Chess Club"]
[Date "2020.11.22"]
[Round "5"]
[White "clair"]
[Black "AlexandreKaram"]
[Result "1-0"]
[ICCResult "Black forfeits on time"]
[WhiteElo "1724"]
[BlackElo "1778"]
[Opening "Queen's pawn: London system"]
[ECO "A45"]
[NIC "QP.07"]
[Time "16:02:35"]
[TimeControl "4200+10"]

1. d4 Nf6 2. Bf4 g6 3. Nc3 d5 4. e3 Bg7 5. Nf3 Bg4 6. Be2 c6 7. Ne5 Bxe2 8.
Qxe2 Nbd7 9. O-O-O Nh5 10. g4 Nxf4 11. exf4 e6 12. f5 Bxe5 13. dxe5 gxf5 14.
f4 Qh4 15. h3 O-O-O 16. Rdf1 fxg4 17. hxg4 Qe7 18. g5 Rdg8 19. Rh5 Nf8 20.
Rfh1 Rg7 21. Qf2 Kb8 22. a3 Ng6 23. b4 a5 24. Qd4 Kc7 25. Na4 axb4 26. axb4
Ra8 27. Nc5 b6 28. Nd3 Ra4 29. Qc3 Rg8 30. Rxh7 Rga8 31. Kd2 Ra3 32. Qd4
R8a4 33. R1h6 c5 34. Qf2 c4 35. Nc5 bxc5 36. Rxg6 cxb4 37. Rgg7 Ra2 38. Rxf7
Rxc2+ 39. Kxc2 Ra2+ 40. Kb1 Rxf2 41. Rxe7+ Kb6 42. Rxe6+ Kc5 43. Rh1 b3 44.
Re8 c3 45. Rc8+ Kd4 46. Rd1+ Rd2 47. Rxc3 Rxd1+ 48. Kb2 Rf1 49. Rxb3 Ke4 50.
Rb4+ Kf5 51. Rd4 {Black forfeits on time} 1-0

[Event "ICC tourney 2151 (70 10)"]
[Site "Internet Chess Club"]
[Date "2020.11.22"]
[Round "5"]
[White "Dominator95"]
[Black "dogetk"]
[Result "1-0"]
[ICCResult "Black resigns"]
[WhiteElo "2088"]
[BlackElo "1816"]
[Opening "Caro-Kann: two knights variation"]
[ECO "B11"]
[NIC "CK.01"]
[Time "16:02:57"]
[TimeControl "4200+10"]

1. e4 c6 2. Nc3 d5 3. Nf3 Nf6 4. e5 Ne4 5. Ne2 Qb6 6. d4 h6 7. c3 Bf5 8. Nf4
g5 9. Ne2 e6 10. Nfg1 g4 11. h3 gxh3 12. Nxh3 Rg8 13. f3 Ng5 14. Nxg5 hxg5
15. g4 Bg6 16. Bxg5 Qxb2 17. Qc1 Ba3 18. Qxb2 Bxb2 19. Rd1 Nd7 20. Rd2 Ba3
21. Be3 c5 22. Kd1 b5 23. Nf4 c4 24. Nxg6 fxg6 25. f4 a5 26. Rf2 b4 27. f5
gxf5 28. gxf5 exf5 29. Rxf5 Nf8 30. e6 Rg3 31. Rh3 b3 32. axb3 Rxh3 33. Bxh3
cxb3 34. Rxd5 a4 35. Rb5 Bd6 36. Kc1 Ng6 37. Bg2 Ra7 38. Bc6+ Kd8 39. Bg5+
Be7 40. Be3 Bd6 41. Kb2 a3+ 42. Kb1 b2 43. Bg5+ Be7 44. Rd5+ Kc8 45. Ka2
Bxg5 46. Rxg5 Ne7 47. Be4 Kc7 48. Rc5+ Kd6 49. Rb5 Kxe6 50. Rb6+ Kd7 51. Rb3
Nc6 52. Rxa3 b1=Q+ 53. Bxb1 Rc7 54. Bf5+ Kd6 55. Be4 Na7 56. Ra6+ Kd7 57.
Ra5 Nc8 58. Bf5+ Ke7 59. Bxc8 Rxc3 60. Rc5 Rd3 61. Rc4 Kd6 62. Bb7 Ke7 63.
d5 Kd6 64. Bc6 Rh3 65. Kb2 Rd3 66. Rc3 Rd1 67. Bb7 Rd4 68. Kb3 Ke5 69. Rc8
Rh4 70. Re8+ Kd6 71. Re6+ Kc7 72. Ba6 Rd4 73. Rc6+ Kd7 74. Bc4 {Black
resigns} 1-0

[Event "ICC tourney 2151 (70 10)"]
[Site "Internet Chess Club"]
[Date "2020.11.22"]
[Round "5"]
[White "zchen15"]
[Black "HarleyQueen8"]
[Result "0-1"]
[ICCResult "White forfeits on time"]
[WhiteElo "1960"]
[BlackElo "1900"]
[Opening "QGA: classical, 6...a6"]
[ECO "D27"]
[NIC "QG.07"]
[Time "16:02:09"]
[TimeControl "4200+10"]

1. d4 d5 2. c4 dxc4 3. e3 Nf6 4. Bxc4 e6 5. Nf3 c5 6. O-O a6 7. Qc2 b5 8.
Be2 cxd4 9. Nxd4 Bb7 10. Rd1 Nbd7 11. a4 Rc8 12. Qd2 b4 13. Qe1 Bc5 14. Nb3
Qe7 15. Bd2 Bd6 16. f3 O-O 17. a5 Nd5 18. e4 Nf4 19. Bf1 Rfd8 20. Be3 Nc5
21. Nd4 Be5 22. Qxb4 Qg5 23. Ra3 Qh5 24. g3 Nh3+ 25. Bxh3 Qxh3 26. Nd2 Rd7
27. Ne2 Nd3 28. Rxd3 Rxd3 29. Qxb7 Rb8 30. Qa7 h5 31. f4 Rbb3 32. Bf2 Rxb2
{White forfeits on time}
0-1

[Event "ICC tourney 2151 (70 10)"]
[Site "Internet Chess Club"]
[Date "2020.11.22"]
[Round "5"]
[White "RhettLangseth"]
[Black "randomusername"]
[Result "0-1"]
[ICCResult "White resigns"]
[WhiteElo "2081"]
[BlackElo "2097"]
[Opening "Dutch"]
[ECO "A80"]
[NIC "HD.12"]
[Time "16:02:07"]
[TimeControl "4200+10"]

1. d4 f5 2. Nc3 d5 3. Nf3 Nf6 4. Bf4 e6 5. Ne5 Bd6 6. Nb5 O-O 7. e3 a6 8.
Nxd6 cxd6 9. Nd3 Nc6 10. Be2 Re8 11. Bg5 Qa5+ 12. c3 Ne4 13. Bh4 e5 14. f3
Nxc3 15. bxc3 Qxc3+ 16. Kf1 exd4 17. Be1 Qa3 18. exd4 Bd7 19. Rb1 Nxd4 20.
Nf4 Nxe2 21. Qxd5+ Kh8 22. Nxe2 Bb5 23. Rxb5 axb5 24. Qxb5 Qxa2 25. Bc3 Qe6
26. Qd3 Ra2 27. Nc1 Ra4 28. Kf2 Qc4 29. Rd1 d5 30. Qd4 Rg8 31. Rd3 Qxd4+ 32.
Bxd4 Rc8 33. Ne2 b5 34. Rd2 b4 35. Be5 Ra5 36. Nf4 b3 37. Rd1 Re8 38. Nd3
Ra2+ 39. Kg3 Kg8 40. f4 Rc8 41. Rb1 Rcc2 42. Ne1 Re2 43. Kf3 Rad2 44. h3
Rf2+ 45. Ke3 b2 46. Nd3 Rxg2 47. Bc3 Rde2+ 48. Kd4 Re4+ 49. Kc5 Rc2 50. Kxd5
Rxc3 51. Nxb2 Rb4 52. Ke6 Rcb3 53. Rc1 Rb6+ 54. Ke7 Re3+ 55. Kd7 Rxb2 56.
Rc5 g6 57. Rc6 Kf7 58. Rc7 Re7+ {White resigns} 0-1

[Event "ICC tourney 2151 (70 10)"]
[Site "Internet Chess Club"]
[Date "2020.11.22"]
[Round "5"]
[White "Vladlena85"]
[Black "breaker90"]
[Result "1/2-1/2"]
[ICCResult "Game drawn by mutual agreement"]
[WhiteElo "2174"]
[BlackElo "2108"]
[Opening "French: King's Indian attack"]
[ECO "C00"]
[NIC "FR.02"]
[Time "16:02:42"]
[TimeControl "4200+10"]

1. e4 e6 2. d3 c5 3. f4 d6 4. Nf3 Nc6 5. Nc3 Nf6 6. Be2 Be7 7. O-O O-O 8.
Kh1 Nd4 9. Be3 Nxe2 10. Qxe2 d5 11. e5 d4 12. exf6 Bxf6 13. Ne4 dxe3 14. c3
b6 15. Qxe3 Bb7 16. Rad1 Be7 17. b3 a5 18. d4 Qd5 19. Ng3 cxd4 20. Rxd4 Bc5
21. Rxd5 Bxe3 22. Rd7 Ba6 23. c4 Bxf4 24. Nh5 Bc8 25. Rd4 Bc7 26. Rg4 g6 27.
Nf6+ Kg7 28. Ng5 Bd8 29. Nfxh7 Bxg5 30. Nxg5 f6 31. Nf3 e5 32. Rg3 Be6 33.
Nh4 g5 34. Kg1 Rad8 35. Nf3 Kg6 36. Re1 Rd6 37. Re2 Rfd8 38. Kf2
{Game drawn by mutual agreement}
1/2-1/2

[Event "ICC tourney 2151 (70 10)"]
[Site "Internet Chess Club"]
[Date "2020.11.22"]
[Round "6"]
[White "BreatheChessAls"]
[Black "yogeshchess77"]
[Result "1-0"]
[ICCResult "Black checkmated"]
[WhiteElo "1951"]
[BlackElo "1979"]
[Opening "Queen's pawn: London system"]
[ECO "A45"]
[NIC "QP.07"]
[Time "19:31:43"]
[TimeControl "4200+10"]

1. d4 Nf6 2. Bf4 d5 3. e3 c6 4. c3 Bf5 5. Nd2 e6 6. Qb3 Qb6 7. Ngf3 Nbd7 8.
Be2 h6 9. h3 Be7 10. O-O O-O 11. Ne5 c5 12. Qxb6 Nxb6 13. a4 a5 14. Bd3 c4
15. Bxf5 exf5 16. Rfb1 Nbd7 17. b3 cxb3 18. Rxb3 b6 19. Nxd7 Nxd7 20. Nf3 g5
21. Bh2 Rac8 22. Ne5 Nxe5 23. Bxe5 Rc6 24. Rab1 f6 25. Bg3 Bd8 26. Rb5 Rxc3
27. Rxd5 Ra3 28. Bd6 Rxa4 29. Bxf8 Kxf8 30. Rxd8+ Ke7 31. Rb8 f4 32. R8xb6
fxe3 33. fxe3 Ra2 34. Ra6 Re2 35. Rb7+ Kd8 36. Ra8# {Black checkmated} 1-0

[Event "ICC tourney 2151 (70 10)"]
[Site "Internet Chess Club"]
[Date "2020.11.22"]
[Round "6"]
[White "HostilePear"]
[Black "lucagt2010"]
[Result "1-0"]
[ICCResult "Black resigns"]
[WhiteElo "1899"]
[BlackElo "1865"]
[Opening "English opening"]
[ECO "A20"]
[NIC "EO.03"]
[Time "19:31:48"]
[TimeControl "4200+10"]

1. c4 e5 2. g3 Nf6 3. Bg2 Nc6 4. Nf3 d5 5. cxd5 Nxd5 6. Nc3 Be6 7. O-O Be7
8. d4 exd4 9. Nxd4 O-O 10. Nxe6 fxe6 11. Nxd5 exd5 12. Bxd5+ Kh8 13. Be3 Bd6
14. Rc1 Nb4 15. Bxb7 Rb8 16. Bf3 Nxa2 17. Ra1 Nb4 18. Bxa7 Rb5 19. Bd4 c5
20. Bc3 Qe7 21. Qd2 Rd8 22. Ra8 Rbb8 23. Rxb8 Bxb8 24. Qc1 Na2 25. Qc2 Nxc3
26. bxc3 Be5 27. c4 h6 28. e3 Rb8 29. Qf5 Rf8 30. Qg4 Qe8 31. Bd5 Rf6 32.
Rd1 Bc3 33. Rc1 Qe5 34. Qc8+ Kh7 35. Qxc5 Bb2 36. Rf1 Qf5 37. Qe7 Bc3
{Black resigns}
1-0